[Event "Titled Tuesday Blitz August 22 Early 2023"]
[White "Sarana, Alexey"]
[Black "Javakhadze, Zurab"]
[WhiteFideId "24133795"]
[BlackFideId "13603647"]
[WhiteElo "3025"]
[BlackElo "2698"]
[Result "1-0"]
[Round "5"]
[TimeControl "180+1"]
[Date "2023.08.22"]
[WhiteClock "0:00:28"]
[BlackClock "0:00:19"]
[Board "24"]

1. d4 d5 2. c4 e6 3. Nc3 Nf6 4. Nf3 h6 5. cxd5 exd5 6. Bf4 Bd6 7. Bxd6 Qxd6 8. e3 c6 9. Bd3 O-O 10. h3 Nbd7 11. O-O Re8 12. Qc2 Nf8 13. Rab1 a5 14. a3 Ne6 15. b4 Ng5 16. Ne5 Nd7 17. f4 Ne6 18. Bh7+ Kf8 19. Nxf7 Kxf7 20. Bg6+ Kf8 21. Bxe8 Kxe8 22. Qg6+ Kd8 23. f5 Ndf8 24. Qf7 Ng5 25. Qxg7 Bd7 26. h4 Ne4 27. Nxe4 dxe4 28. bxa5 Kc7 29. d5 Rxa5 30. dxc6 bxc6 31. Rfd1 Qxa3 32. Qg3+ Kd8 33. Rb8+ Ke7 34. Qg7# 1-0


[Site "https://www.chess.com"]

[Event "Titled Tuesday Blitz August 22 Early 2023"]
[White "Skliarov, Viktor"]
[Black "Le, Tuan Minh"]
[WhiteFideId "14106736"]
[BlackFideId "12401153"]
[WhiteElo "2693"]
[BlackElo "3002"]
[Result "1/2-1/2"]
[Round "5"]
[TimeControl "180+1"]
[Date "2023.08.22"]
[WhiteClock "0:00:05"]
[BlackClock "0:00:18"]
[Board "25"]

1. e4 c5 2. Nf3 Nf6 3. e5 Nd5 4. Nc3 e6 5. Ne4 f5 6. Nc3 Ne7 7. d4 cxd4 8. Nxd4 a6 9. f4 Nbc6 10. Nf3 b5 11. Be3 b4 12. Na4 Nd5 13. Bd2 Bb7 14. c4 bxc3 15. Nxc3 Nxc3 16. Bxc3 Bc5 17. Qd2 Ne7 18. Bd4 Bxd4 19. Qxd4 O-O 20. Be2 Rc8 21. O-O Nd5 22. Rac1 h6 23. Rxc8 Qxc8 24. Nd2 Qc2 25. Bd1 Qc7 26. Nc4 Bc6 27. Nd6 Rb8 28. a3 Qa5 29. Bf3 Rb3 30. g4 Rxf3 31. Rxf3 Qe1+ 32. Rf1 Qe2 33. Rf2 Nxf4 34. Qxf4 Qe1+ 35. Rf1 Qe2 36. Rf2 Qe1+ 37. Rf1 Qe2 38. Rf2 1/2-1/2


[Site "https://www.chess.com"]

[Event "Titled Tuesday Blitz August 22 Early 2023"]
[White "Hoang, Thi Bao Tram"]
[Black "Van Foreest, Jorden"]
[WhiteFideId "12401102"]
[BlackFideId "1039784"]
[WhiteElo "2689"]
[BlackElo "2996"]
[Result "1/2-1/2"]
[Round "5"]
[TimeControl "180+1"]
[Date "2023.08.22"]
[WhiteClock "0:00:06"]
[BlackClock "0:00:14"]
[Board "26"]

1. d4 g6 2. g3 Bg7 3. Bg2 f5 4. h4 Nf6 5. Bg5 c6 6. c3 Qb6 7. Qb3 d6 8. Nd2 h6 9. Bxf6 Bxf6 10. Nh3 Nd7 11. Qc2 d5 12. Nf4 Nf8 13. e3 e5 14. dxe5 Bxe5 15. Nf3 Bf6 16. Nd4 Bd7 17. Rd1 Qc5 18. h5 g5 19. Ng6 Nxg6 20. hxg6 f4 21. gxf4 gxf4 22. Bh3 O-O-O 23. Bxd7+ Rxd7 24. Qf5 Bxd4 25. Rxd4 fxe3 26. fxe3 Re8 27. Kd2 Qe7 28. Rh3 Kc7 29. Qf4+ Rd6 30. Rxh6 Qe6 31. Rh7+ Kc8 32. Qf7 Qxf7 33. gxf7 Rf8 34. Rf4 Kd7 35. Kd3 Rg6 36. a4 Ke6 37. Kd4 Rg2 38. b4 Rd2+ 39. Kc5 Rd3 40. c4 dxc4 41. Re4+ Kf5 42. Re8 c3 43. Kc4 c2 44. Kxd3 c1=Q 45. Rxf8 Qd1+ 46. Kc3 Qc1+ 47. Kd3 Qb1+ 48. Ke2 Qc2+ 49. Kf3 Qd1+ 50. Kf2 Qd2+ 51. Kf3 Qd5+ 52. Kf2 Qd2+ 53. Kf3 Qd1+ 54. Kf2 Qc2+ 55. Kf3 Qb1 56. Re8 Qf1+ 57. Kg3 Qg1+ 58. Kf3 Qf1+ 59. Kg3 Qe1+ 60. Kf3 Qf1+ 1/2-1/2


[Site "https://www.chess.com"]

[Event "Titled Tuesday Blitz August 22 Early 2023"]
[White "Tabatabaei, M. Amin"]
[Black "Kavutskiy, Konstantin"]
[WhiteFideId "12521213"]
[BlackFideId "2026384"]
[WhiteElo "2990"]
[BlackElo "2687"]
[Result "1-0"]
[Round "5"]
[TimeControl "180+1"]
[Date "2023.08.22"]
[WhiteClock "0:01:35"]
[BlackClock "0:00:00"]
[Board "27"]

1. Nf3 Nf6 2. g3 g6 3. b3 Bg7 4. Bb2 O-O 5. Bg2 d6 6. c4 a5 7. Nc3 e5 8. O-O Nc6 9. d3 Re8 10. Nd2 h5 11. a3 h4 12. e3 h3 13. Bh1 Ng4 14. Nd5 f5 15. b4 Ne7 16. b5 Kh7 17. a4 Nf6 18. Nxf6+ Bxf6 19. f4 Ng8 20. d4 exd4 21. exd4 Nh6 22. Qf3 Ng4 23. Rfe1 Rxe1+ 24. Rxe1 Qh8 25. Nb3 Bd7 26. Qf1 c6 27. Qxh3+ Kg7 28. Qxh8+ Rxh8 29. h4 cxb5 30. axb5 a4 31. Na5 a3 32. Bxa3 Bxd4+ 33. Kg2 Ne3+ 34. Kf3 Ra8 35. Bb4 Nc2 36. Re7+ Kh6 37. Bd2 Be8 38. Ke2 Bb6 39. Bxb7 Nd4+ 40. Kd3 Rd8 41. Nc6 Nxc6 42. bxc6 d5 43. c5 1-0


[Site "https://www.chess.com"]

[Event "Titled Tuesday Blitz August 22 Early 2023"]
[White "Drygalov, Sergey"]
[Black "Egor_Koshulyan"]
[WhiteFideId "24171743"]
[WhiteElo "2966"]
[BlackElo "2681"]
[Result "1-0"]
[Round "5"]
[TimeControl "180+1"]
[Date "2023.08.22"]
[WhiteClock "0:00:30"]
[BlackClock "0:00:01"]
[Board "28"]

1. d4 d5 2. c4 e6 3. Nf3 Nf6 4. Nc3 c6 5. Bg5 h6 6. Bh4 Be7 7. e3 Nbd7 8. Qc2 Ne4 9. Bxe7 Qxe7 10. Nxe4 dxe4 11. Qxe4 Qb4+ 12. Nd2 Qxb2 13. Qb1 Qc3 14. Qc1 Qa5 15. Be2 O-O 16. O-O e5 17. Nb3 Qc7 18. d5 cxd5 19. cxd5 Qd6 20. Rd1 f5 21. Qc3 f4 22. e4 Nf6 23. f3 Bd7 24. Qc5 Ne8 25. Rac1 Qg6 26. Qe7 Nf6 27. Qxe5 Bh3 28. Bf1 Rae8 29. Qd4 Nxe4 30. Kh1 Ng5 31. gxh3 Nxf3 32. Qf2 Re3 33. d6 Ng5 34. d7 Ne4 35. Qg2 Qf6 36. Rc8 f3 37. Rxf8+ Qxf8 38. d8=Q fxg2+ 39. Kxg2 Nc3 40. Bc4+ Kh7 1-0


[Site "https://www.chess.com"]

[Event "Titled Tuesday Blitz August 22 Early 2023"]
[White "Djordjevic, Vuk"]
[Black "Tari, Aryan"]
[WhiteFideId "902098"]
[BlackFideId "1510045"]
[WhiteElo "2674"]
[BlackElo "2949"]
[Result "1-0"]
[Round "5"]
[TimeControl "180+1"]
[Date "2023.08.22"]
[WhiteClock "0:00:01"]
[BlackClock "0:00:00"]
[Board "29"]

1. d4 Nf6 2. Bg5 c6 3. Bxf6 gxf6 4. e3 Qb6 5. Qc1 d6 6. c4 e5 7. Qd2 Bh6 8. Nc3 exd4 9. Qxd4 Qxd4 10. exd4 Kd8 11. Bd3 Na6 12. Nge2 f5 13. Rd1 f4 14. f3 f5 15. g3 Nc7 16. Nxf4 Bxf4 17. gxf4 Ke7 18. Kf2 Kf6 19. Ne2 Be6 20. Ng3 h5 21. h4 b5 22. cxb5 cxb5 23. Rc1 Nd5 24. b3 Nxf4 25. Bxb5 Rhb8 26. Bc6 Nd3+ 27. Ke3 Nxc1 28. Nxh5+ Ke7 29. Rxc1 Rc8 30. Kd2 Rab8 31. Nf4 Kf6 32. Nh5+ Ke7 33. d5 Bf7 34. Re1+ Kf8 35. Ng3 Rb4 36. Nxf5 Rf4 37. Nxd6 Rxc6 38. dxc6 Rd4+ 39. Ke3 Rxd6 40. Rc1 Be6 41. Ke4 Ke7 42. c7 Bc8 43. f4 Rh6 44. Rc5 Rxh4 45. Ra5 Kd6 46. Rxa7 Rh2 47. b4 Re2+ 48. Kd3 Rf2 49. Ke3 Rb2 50. a3 Kc6 51. Kd4 Kb6 52. Ra5 Kxc7 53. f5 Kd6 54. Rd5+ Ke7 55. Rc5 Bd7 56. Ke4 Rb3 57. Ra5 Kd6 58. Kf4 Rb1 59. Kg5 Ke7 60. Re5+ Kf7 61. Rc5 Rg1+ 62. Kf4 Ke7 63. Re5+ Kd6 64. Rc5 Bc6 65. f6 Rf1+ 66. Kg5 Be4 67. a4 Bd5 68. a5 Ke5 69. a6 Rg1+ 70. Kh6 Ra1 71. f7 1-0


[Site "https://www.chess.com"]

[Event "Titled Tuesday Blitz August 22 Early 2023"]
[White "Terry, Renato"]
[Black "Palchuk, Andrii"]
[WhiteFideId "3803457"]
[BlackFideId "14176688"]
[WhiteElo "2944"]
[BlackElo "2667"]
[Result "1-0"]
[Round "5"]
[TimeControl "180+1"]
[Date "2023.08.22"]
[WhiteClock "0:00:28"]
[BlackClock "0:00:03"]
[Board "30"]

1. d4 Nf6 2. Nf3 d5 3. c4 e6 4. e3 a6 5. b3 b6 6. Bd3 Bb7 7. O-O Nbd7 8. Bb2 Be7 9. Nbd2 O-O 10. Qe2 c5 11. Rfd1 cxd4 12. exd4 Re8 13. Rac1 Bd6 14. Ne5 g6 15. Qe3 Nxe5 16. dxe5 Bc5 17. Qf3 Nh5 18. cxd5 exd5 19. Nf1 Qg5 20. g3 Rab8 21. h4 Qe7 22. Re1 Qe6 23. Nh2 d4 24. Qg4 Qxg4 25. Nxg4 Kg7 26. Be4 Bxe4 27. Rxe4 f5 28. exf6+ Nxf6 29. Nxf6 Kxf6 30. Rf4+ Ke5 31. b4 Bxb4 32. Bxd4+ Kd5 33. Rd1 Re1+ 34. Rxe1 Bxe1 35. Be3 Rb7 36. Rd4+ Kc6 37. Kf1 Ba5 38. h5 gxh5 39. Rh4 Kb5 40. a4+ Kc6 41. Rxh5 Bc3 42. Ke2 Bh8 43. Kd3 Rd7+ 44. Kc4 Re7 45. Rh6+ Kc7 46. Bxb6+ Kb7 47. Be3 Re4+ 48. Kd5 a5 1-0


[Site "https://www.chess.com"]

[Event "Titled Tuesday Blitz August 22 Early 2023"]
[White "Castellanos Villela, Alejandro"]
[Black "Kovalenko, Igor"]
[WhiteFideId "3446379"]
[BlackFideId "14117908"]
[WhiteElo "2662"]
[BlackElo "2936"]
[Result "0-1"]
[Round "5"]
[TimeControl "180+1"]
[Date "2023.08.22"]
[WhiteClock "0:00:00"]
[BlackClock "0:01:07"]
[Board "31"]

1. e4 e6 2. d4 d5 3. Nd2 Nc6 4. Ngf3 Nf6 5. e5 Nd7 6. Bd3 Nb4 7. Be2 c5 8. c3 Nc6 9. O-O g5 10. Nb3 h6 11. Be3 c4 12. Nbd2 b5 13. Ne1 Nb6 14. f4 Be7 15. Bh5 Rh7 16. Qf3 Kd7 17. f5 Kc7 18. f6 Bf8 19. b3 Bb7 20. a4 bxa4 21. bxa4 Na5 22. Nc2 Bc6 23. Nb4 Be8 24. Rfb1 Qc8 25. Qd1 Rb8 26. Qc2 Rh8 27. Rb2 Kb7 28. Nf1 Ka8 29. Nd2 Rb7 30. Bf3 Nb3 31. Nxb3 cxb3 32. Qxb3 g4 33. Bxg4 Nc4 34. Bc1 Nxb2 35. Bxb2 a5 36. Qxd5 axb4 37. Qa5+ Kb8 38. cxb4 Qc7 39. Qxc7+ Rxc7 40. d5 Bxb4 41. dxe6 Rc2 42. Bd4 Rc4 0-1


[Site "https://www.chess.com"]

[Event "Titled Tuesday Blitz August 22 Early 2023"]
[White "Zakhartsov, Vladimir"]
[Black "Skvortsov, Andrei"]
[WhiteFideId "4145097"]
[BlackFideId "24108600"]
[WhiteElo "2911"]
[BlackElo "2658"]
[Result "1-0"]
[Round "5"]
[TimeControl "180+1"]
[Date "2023.08.22"]
[WhiteClock "0:00:10"]
[BlackClock "0:00:08"]
[Board "32"]

1. a3 g6 2. e4 d5 3. exd5 Qxd5 4. Nc3 Qe5+ 5. Nge2 Bg7 6. d4 Qd6 7. Bf4 Qd8 8. Qd2 Nf6 9. O-O-O c6 10. f3 Nd5 11. Bh6 Bxh6 12. Qxh6 Nd7 13. Qg7 Rf8 14. Nxd5 cxd5 15. Nc3 Nf6 16. Bb5+ Bd7 17. Rhe1 e6 18. g4 Bxb5 19. Nxb5 Qe7 20. g5 Nh5 21. Qe5 Kd8 22. Rd3 a6 23. Nc3 Qc7 24. Qe3 Rc8 25. Kb1 Qxh2 26. Nxd5 Qxc2+ 27. Ka1 Qc6 28. Nb4 Qd6 29. d5 e5 30. Nc6+ Kc7 31. Rc1 Rfe8 32. Qa7 Kd7 33. Rdc3 Rc7 34. Nxe5+ Rxe5 35. Rxc7+ Qxc7 36. Rxc7+ Kxc7 37. Qc5+ Kd7 38. Ka2 Rf5 39. Qb6 Nf4 40. Qxb7+ Kd6 41. Qc6+ Ke5 42. d6 Ke6 43. d7+ Ke7 44. Qc7 1-0


[Site "https://www.chess.com"]

[Event "Titled Tuesday Blitz August 22 Early 2023"]
[White "Kovalev, Vladislav"]
[Black "Amartuvshin, Ganzorig"]
[WhiteFideId "13504398"]
[BlackFideId "4902548"]
[WhiteElo "2902"]
[BlackElo "2656"]
[Result "1-0"]
[Round "5"]
[TimeControl "180+1"]
[Date "2023.08.22"]
[WhiteClock "0:00:07"]
[BlackClock "0:00:05"]
[Board "33"]

1. e4 e5 2. Nf3 Nf6 3. d4 exd4 4. e5 Qe7 5. Be2 Nd5 6. O-O Nc6 7. Re1 g6 8. Nxd4 Bg7 9. Nb5 a6 10. Nd6+ cxd6 11. exd6 Qxd6 12. Bf3+ Ne5 13. Nc3 O-O 14. Bxd5 Qc7 15. Bb3 d6 16. Nd5 Qd8 17. Be3 Be6 18. Qd2 Rc8 19. Bg5 Qd7 20. Ne7+ Kh8 21. Nxc8 Rxc8 22. Rad1 Bxb3 23. axb3 Qf5 24. c3 Qg4 25. Qf4 Qe6 26. c4 h5 27. Qe4 b5 28. f4 Nc6 29. Qxe6 fxe6 30. cxb5 axb5 31. Rxe6 Nd4 32. Rxd6 Nf5 33. Rd8+ Rxd8 34. Rxd8+ Kh7 35. Rd7 Nd4 36. Bf6 Nf5 37. Bxg7 1-0


[Site "https://www.chess.com"]

[Event "Titled Tuesday Blitz August 22 Early 2023"]
[White "Tregubov, Pavel V."]
[Black "Rasulov, Vugar"]
[WhiteFideId "4115341"]
[BlackFideId "13402390"]
[WhiteElo "2654"]
[BlackElo "2886"]
[Result "0-1"]
[Round "5"]
[TimeControl "180+1"]
[Date "2023.08.22"]
[WhiteClock "0:00:00"]
[BlackClock "0:00:46"]
[Board "34"]

1. e4 c5 2. Nf3 d6 3. Bb5+ Nd7 4. Ba4 Nf6 5. O-O g6 6. Re1 Bg7 7. c3 O-O 8. d4 a6 9. h3 b5 10. Bc2 e5 11. Nbd2 exd4 12. cxd4 cxd4 13. Nxd4 Bb7 14. N2b3 Re8 15. f3 d5 16. Bg5 dxe4 17. Bxe4 Bxe4 18. Rxe4 Rxe4 19. fxe4 Qb6 20. Qc2 Re8 21. Re1 a5 22. Qc6 Qxc6 23. Nxc6 Rxe4 24. Rd1 Re2 25. Nbxa5 Rxb2 26. Ne5 h6 27. Bf4 Nc5 28. Nac6 Ne6 29. Be3 Bf8 30. Kh1 Ne4 31. Kh2 Rc2 32. Nd8 Rc3 33. Nxe6 Rxe3 34. Nxf8 Kxf8 0-1


[Site "https://www.chess.com"]

[Event "Titled Tuesday Blitz August 22 Early 2023"]
[White "Harsh Suresh"]
[Black "Nasir, Zehn"]
[WhiteFideId "45018464"]
[BlackFideId "2613239"]
[WhiteElo "2878"]
[BlackElo "2652"]
[Result "1-0"]
[Round "5"]
[TimeControl "180+1"]
[Date "2023.08.22"]
[WhiteClock "0:00:33"]
[BlackClock "0:00:18"]
[Board "35"]

1. d4 Nf6 2. c4 c5 3. Nf3 cxd4 4. Nxd4 e5 5. Nf3 Nc6 6. g3 d5 7. cxd5 Qxd5 8. Qxd5 Nxd5 9. Bg2 Be6 10. O-O f6 11. Rd1 Rd8 12. Ne1 Bc5 13. Nd3 Bb6 14. Bd2 Nd4 15. Na3 Nxe2+ 16. Kf1 Nd4 17. Rac1 O-O 18. Nc4 Bg4 19. Re1 Bf5 20. Nb4 Nxb4 21. Bxb4 Bd3+ 22. Kg1 Ne2+ 23. Rxe2 Bxe2 24. Bxf8 Rc8 25. Bxb7 Rxc4 26. Bd5+ Kxf8 27. Bxc4 Bf3 28. Kf1 Ke7 29. Bd3 Bd5 30. b3 e4 31. Bxe4 Bxe4 32. Re1 f5 33. f3 Ba5 34. Re2 Kf6 35. fxe4 g6 36. exf5 gxf5 37. Kg2 Bb6 38. Kf3 h5 39. b4 Kg5 40. b5 h4 41. a4 hxg3 42. hxg3 Bc7 43. Re7 Bb6 44. Re6 Bc5 45. Rc6 Bd4 46. a5 f4 47. gxf4+ Kf5 48. Rd6 Bg1 49. Rd5+ Ke6 50. Ke4 Bf2 51. f5+ Kf6 52. b6 axb6 53. axb6 Ke7 54. b7 Bg3 55. Re5+ Kf6 56. b8=Q Bxe5 57. Qxe5+ Kg5 58. Qg7+ Kh5 59. Kf4 Kh4 60. Qh6# 1-0


[Site "https://www.chess.com"]

[Event "Titled Tuesday Blitz August 22 Early 2023"]
[White "Sharan, Rao"]
[Black "Ilamparthi A R"]
[WhiteFideId "5073464"]
[BlackFideId "45015775"]
[WhiteElo "2650"]
[BlackElo "2875"]
[Result "0-1"]
[Round "5"]
[TimeControl "180+1"]
[Date "2023.08.22"]
[WhiteClock "0:00:00"]
[BlackClock "0:01:01"]
[Board "36"]

1. d4 d5 2. Nf3 Nf6 3. Bf4 c5 4. e3 Nc6 5. Nbd2 cxd4 6. exd4 Bg4 7. c3 e6 8. Bd3 Bd6 9. Bxd6 Qxd6 10. h3 Bh5 11. O-O O-O 12. Re1 Rae8 13. Nf1 e5 14. dxe5 Nxe5 15. Be2 Nxf3+ 16. Bxf3 Rxe1 17. Qxe1 Bxf3 18. gxf3 Re8 19. Qd2 Nh5 20. Qg5 Nf4 21. Qf5 g6 22. Qg4 h5 23. Qh4 Qe5 24. Ne3 g5 0-1


[Site "https://www.chess.com"]

[Event "Titled Tuesday Blitz August 22 Early 2023"]
[White "JeRoma71"]
[Black "Ovchinnikov, Vsevolod"]
[BlackFideId "24176842"]
[WhiteElo "2873"]
[BlackElo "2650"]
[Result "1/2-1/2"]
[Round "5"]
[TimeControl "180+1"]
[Date "2023.08.22"]
[WhiteClock "0:00:15"]
[BlackClock "0:00:11"]
[Board "37"]

1. Nf3 Nf6 2. g3 g6 3. Bg2 d5 4. O-O Bg7 5. d4 O-O 6. Nbd2 b6 7. c3 Bb7 8. Re1 c5 9. a4 e6 10. a5 Nbd7 11. Qa4 Qc7 12. b4 cxd4 13. cxd4 a6 14. Nb3 Bc6 15. Qa3 Bb5 16. Bf4 Qb7 17. e3 Rfc8 18. axb6 Qxb6 19. Nc5 Bf8 20. Qa5 Qxa5 21. Rxa5 Nb6 22. Ne5 Ne8 23. g4 Nd6 24. Rea1 Ndc4 25. R5a2 Nxe5 26. Bxe5 Nc4 27. Bg3 Ra7 28. h4 Rca8 29. Bf1 Be7 30. g5 Bd8 31. Kg2 a5 32. bxa5 Rxa5 33. Rxa5 Rxa5 34. Rb1 Bc6 35. Rb8 Ra8 36. Rxa8 Bxa8 37. Bd3 Nb6 38. Bf4 Bc6 39. Kg3 Nd7 40. Bd6 Bb6 41. Kg4 Kg7 42. h5 Bd8 43. f3 Kg8 44. e4 Nb6 45. e5 Nd7 46. f4 Ba5 47. Ba6 Bc3 48. Nxd7 Bxd7 49. Bc5 Ba4 50. Be2 Bc2 51. Bf3 Bd3 52. Kg3 Bf5 53. Bb6 Bd2 54. h6 Be3 55. Bd1 Kf8 56. Kf3 Bc1 57. Bc5+ Kg8 58. Bb4 Be4+ 59. Kg3 Be3 60. Bc3 Kf8 61. Be2 Kg8 62. Bb5 Kf8 63. Bb2 Kg8 64. Be2 Kf8 65. Ba3+ Kg8 66. Bc5 Kh8 67. Bb5 Kg8 68. Bc6 Bd2 69. Be8 Be1+ 70. Kh3 Bf2 71. Bb5 Be3 72. Kg3 Kh8 73. Be2 Kg8 74. Bg4 Kh8 75. Bb6 Kg8 76. Bh3 Kh8 77. Bf1 Kg8 78. Ba6 Kh8 79. Bb5 Kg8 80. Be8 Bd2 81. Bc5 Be1+ 82. Kg4 Bf2 83. Bb6 Be3 84. Bc5 Bf2 85. Bb6 Be3 86. Bc5 Bf2 1/2-1/2


[Site "https://www.chess.com"]

[Event "Titled Tuesday Blitz August 22 Early 2023"]
[White "Frolyanov, Dmitry"]
[Black "Jones, Gawain C B"]
[WhiteFideId "4151976"]
[BlackFideId "409561"]
[WhiteElo "2642"]
[BlackElo "2869"]
[Result "0-1"]
[Round "5"]
[TimeControl "180+1"]
[Date "2023.08.22"]
[WhiteClock "0:00:06"]
[BlackClock "0:00:33"]
[Board "38"]

1. d4 d5 2. c4 e6 3. Nf3 a6 4. g3 dxc4 5. Bg2 Nc6 6. O-O Rb8 7. e4 Nf6 8. Nc3 Be7 9. d5 exd5 10. exd5 Nb4 11. Ne5 O-O 12. Nxc4 b5 13. Ne3 a5 14. Re1 Na6 15. a4 b4 16. Nb5 Nc5 17. Nc4 Bg4 18. Qc2 b3 19. Qc3 Nxa4 20. Rxa4 Rxb5 21. Nxa5 Nxd5 22. Bxd5 Bf6 23. Bxf7+ Rxf7 24. Qc4 Re5 25. Be3 Be6 26. Qc1 Qd7 27. Nc6 Rf8 28. Nxe5 Qxa4 29. Nc6 Bd5 30. Bc5 Qxc6 31. Bxf8 Qxc1 32. Rxc1 Kxf8 0-1


[Site "https://www.chess.com"]

[Event "Titled Tuesday Blitz August 22 Early 2023"]
[White "Sadzikowski, Daniel"]
[Black "Cordova, Emilio"]
[WhiteFideId "1132253"]
[BlackFideId "3801497"]
[WhiteElo "2641"]
[BlackElo "2866"]
[Result "0-1"]
[Round "5"]
[TimeControl "180+1"]
[Date "2023.08.22"]
[WhiteClock "0:00:00"]
[BlackClock "0:00:15"]
[Board "39"]

1. e4 c5 2. Nf3 a6 3. c3 e6 4. d4 d5 5. e5 Nc6 6. a3 Nge7 7. b4 cxd4 8. cxd4 Nf5 9. Bb2 Bd7 10. Bd3 Rc8 11. O-O Qb6 12. Bxf5 exf5 13. Nc3 Be6 14. Rc1 Be7 15. Qd2 h6 16. Na4 Qa7 17. Nc5 O-O 18. Ne1 Rc7 19. Ned3 Rfc8 20. Nf4 Nd8 21. Qd3 b6 22. Ncxe6 fxe6 23. Rxc7 Rxc7 24. Rc1 b5 25. Rxc7 Qxc7 26. Qc3 Qc4 27. Nd3 Nc6 28. f4 Kf7 29. Kf2 Bd8 30. h3 Bb6 31. Qxc4 dxc4 32. Nc5 Bxc5 33. dxc5 g5 34. fxg5 hxg5 35. g4 f4 36. Kf3 Ne7 37. Ke4 Nd5 38. Bd4 Ke8 39. Bf2 Kd7 40. h4 gxh4 41. Bxh4 c3 42. Kd3 f3 43. Bf2 Kc6 44. Bd4 Nf4+ 45. Ke3 c2 46. Bb2 Ne2 47. Kxf3 c1=N 48. Bxc1 Nxc1 49. Ke3 Na2 50. g5 Nc3 51. g6 Nd5+ 52. Kf3 Ne7 53. g7 Kd5 54. Kf4 Ng8 55. Kg5 Kxe5 56. Kg6 Kd5 57. Kf7 Nh6+ 58. Kg6 Nf5 0-1


[Site "https://www.chess.com"]

[Event "Titled Tuesday Blitz August 22 Early 2023"]
[White "Yeletsky, Ivan"]
[Black "Subelj, Jan"]
[WhiteFideId "24180327"]
[BlackFideId "14618583"]
[WhiteElo "2866"]
[BlackElo "2638"]
[Result "1-0"]
[Round "5"]
[TimeControl "180+1"]
[Date "2023.08.22"]
[WhiteClock "0:01:29"]
[BlackClock "0:01:16"]
[Board "40"]

1. d4 Nc6 2. Nf3 d5 3. e3 Nf6 4. Nbd2 Bf5 5. Bb5 e6 6. c4 Bd6 7. c5 Be7 8. Ne5 O-O 9. Bxc6 bxc6 10. Nxc6 Qe8 11. Nxe7+ Qxe7 12. O-O e5 13. dxe5 Qxe5 14. Nf3 Qe7 15. Nd4 Bg4 16. Qc2 h5 17. Bd2 h4 18. f3 Bd7 19. Rae1 h3 20. g4 Rfe8 21. Kh1 Rab8 22. b3 g6 23. Rg1 Kg7 24. Rg3 Rh8 25. Bc3 Kg8 26. c6 Be6 27. Nxe6 Qxe6 28. Qb2 Ne4 29. Bxh8 Nxg3+ 30. hxg3 d4 31. Qxd4 1-0


[Site "https://www.chess.com"]

[Event "Titled Tuesday Blitz August 22 Early 2023"]
[White "Hambleton, Aman"]
[Black "SmirnovAlexandrA"]
[WhiteFideId "2606577"]
[WhiteElo "2856"]
[BlackElo "2637"]
[Result "0-1"]
[Round "5"]
[TimeControl "180+1"]
[Date "2023.08.22"]
[WhiteClock "0:00:02"]
[BlackClock "0:00:21"]
[Board "41"]

1. d4 Nf6 2. Bf4 g6 3. e3 Bg7 4. h3 O-O 5. Nf3 d6 6. c3 c5 7. dxc5 dxc5 8. Qxd8 Rxd8 9. Bc7 Rd7 10. Bh2 Nc6 11. Nbd2 Rd8 12. e4 b6 13. Bb5 Bb7 14. O-O-O a6 15. Ba4 b5 16. Bc2 c4 17. Rhe1 Nd7 18. e5 Nc5 19. Ne4 Rxd1+ 20. Rxd1 Nxe4 21. Bxe4 Rd8 22. Nd4 Na5 23. Bxb7 Nxb7 24. Nc6 Rxd1+ 25. Kxd1 Kf8 26. f4 Ke8 27. Bg1 h5 28. g3 Nd8 29. Nxd8 Kxd8 30. Ke2 Kd7 31. Bc5 f6 32. exf6 exf6 33. Bd4 Ke6 34. Kf3 Bf8 35. g4 f5 36. gxh5 gxh5 37. Ke3 Kd5 38. Kf3 b4 39. Bf6 b3 40. axb3 cxb3 41. Ke3 Kc4 42. Be5 Bc5+ 43. Kd2 a5 44. Ke2 Ba3 45. Kd2 Bxb2 46. Bf6 Ba3 47. Be5 Bc5 48. Bf6 a4 0-1


[Site "https://www.chess.com"]

[Event "Titled Tuesday Blitz August 22 Early 2023"]
[White "Chen, Ryo"]
[Black "Durarbayli, Vasif"]
[WhiteFideId "7003072"]
[BlackFideId "13402935"]
[WhiteElo "2636"]
[BlackElo "2855"]
[Result "0-1"]
[Round "5"]
[TimeControl "180+1"]
[Date "2023.08.22"]
[WhiteClock "0:00:24"]
[BlackClock "0:01:00"]
[Board "42"]

1. e4 c5 2. Nf3 Nc6 3. d4 cxd4 4. Nxd4 Nf6 5. Nc3 e5 6. Ndb5 d6 7. Bg5 a6 8. Na3 b5 9. Nd5 Be7 10. Bxf6 Bxf6 11. c3 Bg5 12. Nc2 Rb8 13. Be2 O-O 14. O-O Kh8 15. Ncb4 Nxb4 16. Nxb4 Qb6 17. Nd5 Qc5 18. Bg4 Bb7 19. Qd3 f5 20. Bf3 Bxd5 21. Qxd5 Qxd5 22. exd5 Rfc8 23. Be2 a5 24. g3 b4 25. c4 e4 26. b3 Bf6 27. Rad1 Ra8 28. f3 exf3 29. Rxf3 g6 30. g4 Re8 31. Bd3 Bd4+ 32. Kg2 fxg4 33. Rf4 Be5 34. Rxg4 a4 35. Rd2 axb3 36. axb3 Ra3 37. Bc2 Bc3 38. Rf2 Be1 39. Rf7 Ra2 40. Kf1 Rxc2 41. Rgf4 Bc3 42. Rf8+ Rxf8 43. Rxf8+ Kg7 44. Rd8 Be5 45. Rd7+ Kh6 46. h4 Rc3 47. Rb7 Rxb3 48. c5 dxc5 49. Rd7 Rd3 50. d6 0-1


[Site "https://www.chess.com"]

[Event "Titled Tuesday Blitz August 22 Early 2023"]
[White "Molina, Roberto Junio Brito"]
[Black "Aaditya Dhingra"]
[WhiteFideId "2109450"]
[BlackFideId "25678191"]
[WhiteElo "2852"]
[BlackElo "2634"]
[Result "0-1"]
[Round "5"]
[TimeControl "180+1"]
[Date "2023.08.22"]
[WhiteClock "0:00:03"]
[BlackClock "0:00:57"]
[Board "43"]

1. d4 g6 2. e4 Bg7 3. Nc3 c6 4. h4 h5 5. Be3 d5 6. Qd2 Nf6 7. e5 Ng4 8. Bf4 a5 9. Nf3 Na6 10. Ng5 Nc7 11. f3 Nh6 12. O-O-O Ne6 13. Nxe6 Bxe6 14. Kb1 a4 15. a3 Qb6 16. Be3 Nf5 17. Bf2 Bh6 18. Qd3 Bf4 19. Rh3 Bxe5 20. g4 hxg4 21. fxg4 Nh6 22. Be2 Nxg4 23. Bg1 Bd6 24. Ka1 Bf5 25. Qf3 Nf6 26. Rh1 Bxc2 27. Re1 Qb3 28. Bh2 Bxh2 29. Rxh2 Ne4 30. Bc4 Qxc4 31. Rxc2 O-O-O 32. Rec1 Nxc3 33. Rxc3 Qxd4 34. Qxf7 Qf6 35. Rf1 Qxf7 36. Rxf7 Kd7 37. Rg3 Rdg8 38. Re3 Re8 39. Rg7 Rxh4 40. Rxg6 Re4 41. Rd3 b5 42. Kb1 Re2 43. Rc3 Rc8 44. Rh3 Rf8 45. Rc3 Rf1+ 46. Ka2 Ree1 0-1


[Site "https://www.chess.com"]

[Event "Titled Tuesday Blitz August 22 Early 2023"]
[White "Piorun, Kacper"]
[Black "Turayev, Shahruh"]
[WhiteFideId "1130420"]
[BlackFideId "14003856"]
[WhiteElo "2840"]
[BlackElo "2634"]
[Result "1-0"]
[Round "5"]
[TimeControl "180+1"]
[Date "2023.08.22"]
[WhiteClock "0:00:22"]
[BlackClock "0:00:06"]
[Board "44"]

1. d4 d5 2. c4 dxc4 3. e3 c5 4. Bxc4 cxd4 5. Nf3 Nc6 6. exd4 e6 7. O-O Nf6 8. Nc3 Be7 9. Re1 O-O 10. Bg5 h6 11. Bh4 a6 12. Rc1 b5 13. Bd3 Bb7 14. Bb1 Nb4 15. Ne5 Nfd5 16. Bxe7 Qxe7 17. a3 Nxc3 18. Rxc3 Nd5 19. Qc2 f5 20. Ng6 Qf6 21. Nxf8 Nxc3 22. Nxe6 Ne4 23. Ba2 Kh8 24. f3 Qh4 25. g3 Nxg3 26. Qf2 f4 27. d5 Re8 28. hxg3 fxg3 29. Qd2 Rxe6 30. Rxe6 g2 31. Kxg2 Qg5+ 32. Qxg5 1-0


[Site "https://www.chess.com"]

[Event "Titled Tuesday Blitz August 22 Early 2023"]
[White "HamedWafa4"]
[Black "Bacrot, Etienne"]
[BlackFideId "605506"]
[WhiteElo "2632"]
[BlackElo "2838"]
[Result "0-1"]
[Round "5"]
[TimeControl "180+1"]
[Date "2023.08.22"]
[WhiteClock "0:00:09"]
[BlackClock "0:01:10"]
[Board "45"]

1. e4 c5 2. Nf3 d6 3. Bb5+ Nc6 4. O-O Nf6 5. Re1 Bd7 6. c3 a6 7. Bf1 g6 8. h3 Bg7 9. d4 cxd4 10. cxd4 O-O 11. Nc3 Rc8 12. Bg5 h6 13. Bh4 Nh5 14. g4 Nf4 15. Bg3 e5 16. Bxf4 exf4 17. Nd5 g5 18. Rc1 Re8 19. a3 Nxd4 20. Nxd4 Rxc1 21. Qxc1 Bxd4 22. Rd1 Be5 23. Bc4 Qc8 24. f3 Kg7 25. Bb3 Be6 26. Kg2 Qxc1 27. Rxc1 Bxb2 28. Rb1 Bxa3 29. Nc7 Re7 30. Bxe6 fxe6 31. Rxb7 Kf7 32. Ra7 Bc5 33. Rb7 a5 0-1


[Site "https://www.chess.com"]